 Dungeon Crawl Stone Soup version 0.31.0-4-g52a2dc7128 (webtiles) character file.

Game seed: 17554953243840316064

24 apoch the Chopper (level 2, 0/26 HPs)
             Began as a Minotaur Fighter on Jan 22, 2024.
             Incinerated by a bombardier beetle (2 damage)
             ... with a burning spray
             ... on level 2 of the Dungeon.
             The game lasted 00:01:41 (898 turns).

apoch the Chopper (Minotaur Fighter)                 Turns: 898, Time: 00:01:42

Health: 0/26       AC:  6    Str: 20    XL:     2   Next: 79%
Magic:  1/1        EV:  9    Int:  5    God:
Gold:   91         SH:  5    Dex:  9    Spells: 1/1 levels left

rFire   . . .        a - +0 war axe
rCold   . . .        c - +1 buckler
rNeg    . . .        b - +0 scale mail
rPois   .            (helmet restricted)
rElec   .            (no cloak)
rCorr   .            (no gloves)
SInv    .            (no boots)
Will    .....        h - amulet of faith Stlth
                     (no ring)
HPRegen 0.24/turn    (no ring)
MPRegen 0.07/turn

%: faith
@: on fire, glowing
A: horns 2, retaliatory headbutt
a: no special abilities


You were on level 2 of the Dungeon.
You visited 1 branch of the dungeon, and saw 2 of its levels.

You collected 91 gold pieces.

Inventory:

Hand Weapons
 a - a +0 war axe (weapon)
Missiles
 e - 7 stones (quivered)
Armour
 b - a +0 scale mail (worn)
 c - a +1 buckler (worn)
Jewellery
 h - an amulet of faith (around neck)
Scrolls
 g - a scroll of amnesia {unknown}
Potions
 d - a potion of might
 f - a potion of curing {unknown}


   Skills:
 - Level 3.6 Fighting
 + Level 4.1 Axes
 - Level 3.6 Armour
 - Level 3.6 Shields


You had one spell level left.
You didn't know any spells.
Your spell library contained the following spells:

 Spells                   Type           Power      Damage    Failure   Level
 Sandblast                Erth           0%         2d4       88%         1
 Summon Small Mammal      Summ           0%         N/A       88%         1
 Brom's Barrelling Bould  Conj/Erth      0%         2d3       100%        4
 Summon Cactus Giant      Summ           0%         N/A       100%        6


Dungeon Overview and Level Annotations

Branches:
Dungeon (2/15)

Altars:


Innate Abilities, Weirdness & Mutations

You have a pair of horns on your head.
You reflexively headbutt those who attack you in melee.


Message History

Found a stone staircase leading up.
A bat comes into view.
The bat hits you but does no damage.
You slash the bat!
You kill the bat!
You hit the bombardier beetle but do no damage.
The bombardier beetle sprays incendiary fluid at you.
The burning spray hits you.
You are covered in liquid fire!
You shake off some of the fire as you move.
The liquid fire burns you!
You see here a bat corpse.
You hit the bombardier beetle but do no damage.
The liquid fire burns you!
The bombardier beetle bites you but does no damage.
You completely miss the bombardier beetle.
Your headbutt misses the bombardier beetle.
The liquid fire burns you!
The bombardier beetle waves its antennae.
The bombardier beetle sprays incendiary fluid at you.
The burning spray hits you.
You are even more covered in liquid fire!
You hit the bombardier beetle.
The bombardier beetle is lightly wounded.
The liquid fire burns you!
The bombardier beetle bites you but does no damage.
You closely miss the bombardier beetle. You headbutt the bombardier beetle.
The bombardier beetle is moderately wounded.
The liquid fire burns you!
* * * LOW HITPOINT WARNING * * *
You hit the bombardier beetle.
You headbutt the bombardier beetle, but do no damage.
The bombardier beetle is heavily wounded.
The liquid fire burns you!
* * * LOW HITPOINT WARNING * * *
The bombardier beetle closely misses you.
You hit the bombardier beetle.
The bombardier beetle is severely wounded.
The liquid fire burns you!
You die...

..# #.# .#.#..#
#.# .....# #.#
.... #.# #..######
# #.# #.......# #
#.#####.......#
##........B....#.#
###
#.........@.......
##.##
##..####.......#..
#...## ##.#
#<......#
.....####.#
#...$...#
.........)#
#.##.####
.....###### #..
... #...## ### .##
##.## .# #..#


You could see a bombardier beetle.

Vanquished Creatures
  A dart slug (D:1)
  5 endoplasms (D:1)
  A goblin (D:1)
  A hobgoblin (D:2)
  3 quokkas (D:1)
  A ball python (D:1)
  2 bats
  2 frilled lizards (D:1)
  3 kobolds (D:1)
  A rat (D:1)
20 creatures vanquished.

Notes
Turn   | Place    | Note
-------+----------+-------------------------------------------
     0 | D:1      | apoch the Minotaur Fighter began the quest for the Orb.
     0 | D:1      | Reached XP level 1. HP: 19/19 MP: 0/0
    62 | D:1      | Reached skill level 3 in Axes
    97 | D:1      | Reached XP level 2. HP: 26/26 MP: 1/1
   457 | D:1      | Got the Verses on Generative Geomancy
   597 | D:1      | Reached skill level 4 in Axes
   887 | D:2      | Noticed a bombardier beetle
   898 | D:2      | Incinerated by a bombardier beetle

Illustrated notes

Levels and vault maps discovered:
D:1:      erik_arrival_cave_to_civilisation [erik_arrival_cave_to_hall],
          layout_basic, hex_tiny
D:2:      cheibrodos_fertilizer, layout_loops_ring, grunt_decor_clamped

Skill      XL: |  1  2 |
---------------+-------+-----
Axes           | 3 4 |  4.1
Fighting       | |  3.6
Armour         | |  3.6
Shields        | |  3.6

Action                     || total
---------------------------++-------
  Melee: War axe           ||    51
         Headbutt          ||     6
  Throw: Stone             ||    11
    Use: Scroll            ||     1
 Armour: Scale mail        ||    25
  Dodge: Dodged            ||    17
  Block: Buckler           ||     9
